Islanders vs Jets

Created - Friday, March 04, 2016 at 03:17

Goals
1 2 3 OT1 SO T
Islanders 2 2 0 0 0 4
Jets 3 1 0 0 1 5
Shots
1 2 3 OT1 SO T
Islanders 14 13 13 2 3 42
Jets 15 9 7 0 3 31

1st period

1. Islanders , Erik Karlsson 49 (Jamie Benn) at 6:05 (PP)
2. Islanders , Erik Karlsson 50 (Marian Hossa) at 10:12 (PP)
3. Jets , Oliver Ekman-Larsson 14 (Blake Wheeler, Ryan Getzlaf) at 13:11
4. Jets , Max Pacioretty 56 (John Tavares, Wayne Simmonds) at 15:36
5. Jets , Erik Johnson 9 (John Tavares, Alex Ovechkin) at 16:11 (PP)

Penalties :
Jussi Jokinen (Wpg) for Tripping (Minor) at 5:30, Wayne Simmonds (Wpg) for Roughing (Minor) at 9:48, Kevin Klein (NYI) for Tripping (Minor) at 15:41, Filip Forsberg (Wpg) for Hooking (Minor) at 16:22, Oliver Ekman-Larsson (Wpg) for Kneeing (Minor) at 19:16

2nd period

6. Islanders , Marian Hossa 16 (Joe Pavelski, Tyler Ennis) at 5:29 (PP)
7. Islanders , Marian Hossa 17 (Joe Pavelski, Erik Karlsson) at 6:50 (PP)
8. Jets , Blake Wheeler 34 (Brad Stuart, Ryan Getzlaf) at 16:52

Penalties :
Blake Wheeler (Wpg) for Kneeing (Minor) at 3:49, John Tavares (Wpg) for Hooking (Minor) at 6:02, Erik Karlsson (NYI) for High sticking (Minor) at 11:27

3rd period

No Goal

Penalties :
Brandon Pirri (NYI) for High sticking (Minor) at 4:12, Filip Forsberg (Wpg) for Goalie Interference (Minor) at 6:44, Jarret Stoll (Wpg) for Holding (Minor) at 11:54

Overtime #1

No Goal

Penalties :
No Penalty

Shootout

Penalty Shot by Joe Pavelski for Islanders - Stopped by Jonathan Quick
Penalty Shot by Alex Ovechkin for Jets - Stopped by Braden Holtby
Penalty Shot by Frans Nielsen for Islanders - Stopped by Jonathan Quick
Penalty Shot by Ryan Getzlaf for Jets - Stopped by Braden Holtby
Penalty Shot by Tyler Ennis for Islanders - Stopped by Jonathan Quick
Penalty Shot by Claude Giroux for Jets - Goal!

Penalties :
No Penalty

Goalie Stats

Braden Holtby (NYI), 27 saves from 31 shots - (0.871), OTL, 41-12-5, 65:00 minutes
Jonathan Quick (Wpg), 38 saves from 42 shots - (0.905), W, 27-26-3, 65:00 minutes

Players Stats for Islanders

Player Name              G  A  P  +/- PIM S  H  SB GA TA FO     MP     PP MP  PK MP  
------------------------------------------------------------------------------------
Alexei Emelin            0  0  0   0  0   2  1  0  0  1  0/0    19:19   0:00   3:09 
Brandon Pirri            0  0  0  -1  2   2  2  0  1  0  1/3    18:49   5:54   0:00 
Carl Hagelin             0  0  0  -1  0   2  1  0  1  0  0/1    18:44   5:29   1:01 
Dalton Prout             0  0  0  -3  0   1  1  5  0  1  0/0    16:08   0:00   1:19 
David Krejci             0  0  0  -1  0   2  1  0  0  0  17/30  20:51   5:54   0:00 
Dustin Brown             0  0  0   0  0   1  3  2  0  1  0/1    21:26   8:00   0:46 
Erik Karlsson            2  1  3   0  2   11 1  1  0  2  0/0    29:58  10:44   0:00 
Frans Nielsen            0  0  0   0  0   1  0  0  0  0  3/8    11:36   0:00   0:15 
Jamie Benn               0  1  1  -1  0   6  0  0  3  1  0/2    22:19   5:54   0:00 
Joe Pavelski             0  2  2  -1  0   2  3  0  0  1  8/17   19:31   5:29   0:00 
Kevin Klein              0  0  0   0  2   2  2  0  0  0  0/0    16:55   0:00   1:19 
Lauri Korpikoski         0  0  0  -1  0   1  3  0  0  0  0/1    12:40   0:00   3:27 
Marian Hossa             2  1  3  -1  0   4  2  1  4  0  0/2    16:29   5:29   0:00 
Olli Maatta              0  0  0   0  0   0  1  2  1  2  0/0    21:23   0:39   3:09 
Patrik Berglund          0  0  0  -1  0   3  0  1  0  0  1/3     9:13   0:00   0:00 
Paul Gaustad             0  0  0  -1  0   0  2  0  0  1  6/9    12:40   0:00   3:27 
Rob Scuderi              0  0  0  -3  0   0  0  3  0  3  0/0    13:01   0:00   0:00 
Tyler Ennis              0  1  1   0  0   2  0  0  0  0  0/0    14:27   3:23   0:00 

Players Stats for Jets

Player Name              G  A  P  +/- PIM S  H  SB GA TA FO     MP     PP MP  PK MP  
------------------------------------------------------------------------------------
Alex Ovechkin            0  1  1   2  0   3  4  1  2  0  0/1    17:48   2:40   1:07 
Blake Wheeler            1  1  2   2  2   4  0  1  2  0  0/1    15:19   0:00   2:35 
Brad Stuart              0  1  1   3  0   0  0  3  0  0  0/0    17:49   0:00   3:06 
Brayden Schenn           0  0  0   0  0   0  1  0  0  0  1/2     9:51   0:00   0:00 
Claude Giroux            0  0  0   0  0   1  2  0  5  0  4/10   15:47   1:48   2:49 
Erik Johnson             1  0  1   0  0   2  2  0  1  3  0/0    23:43   3:04   0:00 
Filip Forsberg           0  0  0   0  4   1  0  0  2  0  0/0    11:18   0:00   0:00 
Jake Muzzin              0  0  0   0  0   0  0  1  0  0  0/0    26:51   1:24   8:17 
Jarret Stoll             0  0  0   0  2   0  0  0  0  0  6/12    9:57   0:00   0:00 
John Carlson             0  0  0   0  0   1  1  2  0  2  0/0    29:03   3:04   8:17 
John Tavares             0  2  2   1  2   7  0  0  4  0  9/16   15:43   2:40   0:00 
Jussi Jokinen            0  0  0   0  2   1  1  2  0  0  1/1    20:45   2:40   7:41 
Marc Staal               0  0  0   0  0   2  1  3  0  0  0/0    15:09   0:00   3:06 
Max Pacioretty           1  0  1   1  0   2  0  0  0  0  0/0    14:13   1:48   0:00 
Oliver Ekman-Larsson     1  0  1   3  2   2  0  1  0  0  0/0    17:45   1:24   0:00 
Patrik Elias             0  0  0   0  0   1  1  0  2  0  0/0    10:28   0:00   0:00 
Ryan Getzlaf             0  2  2   2  0   1  1  0  2  0  20/34  22:48   0:00   8:34 
Wayne Simmonds           0  1  1   1  2   3  1  0  1  0  0/0    14:12   1:48   0:00 

3 Stars

1 - Marian Hossa (NYI)
2 - Erik Karlsson (NYI)
3 - Blake Wheeler (Wpg)

Power Play

Islanders - 4 on 8 Attempt(s) - 50.00%
Jets - 1 on 3 Attempt(s) - 33.33%

Penalty Kill

Islanders - 2 on 3 Attempt(s) - 66.67% - Score 0 goal in Penalty Kill
Jets - 4 on 8 Attempt(s) - 50.00% - Score 0 goal in Penalty Kill

Team Stat

Islanders - Hits : 23 - Faceoff Wins : 36 - Blocked Shots : 15 - Penalty Minutes : 6
Jets - Hits : 15 - Faceoff Wins : 41 - Blocked Shots : 14 - Penalty Minutes : 16

Official

Referees : Unknown
Linesman : Unknown

Game Notes

14:17 of 1st period - Jets goal is going for a video replay. After video review, No Goal. The puck has entered the net after making contact with an attacking player’s stick that is above the height of the crossbar.

Finance

Level 1 -- Attendance: 5411 (90.18%) -- Ticket Income $459,935
Level 2 -- Attendance: 4894 (97.88%) -- Ticket Income $269,170
Level 3 -- Attendance: 1901 (95.05%) -- Ticket Income $57,030
Level 4 -- Attendance: 2801 (70.03%) -- Ticket Income $56,020
Luxury Box -- Attendance: 1000 (100.00%) -- Ticket Income $160,000
Game was played at the MTS Center.
Total Attendance: 16007 (88.93%)
Total Ticket Income: $1,002,155
Other Income: $491,056
Total Income: $1,493,211

Islanders

5 vs 5 Forward 
   Center                   Left Wing                Right Wing               Time % Phy DF OF 
 1 David Krejci             Jamie Benn               Brandon Pirri            32     1   2  2  
 2 Joe Pavelski             Carl Hagelin             Marian Hossa             27     1   2  2  
 3 Frans Nielsen            Dustin Brown             Tyler Ennis              23     1   2  2  
 4 Paul Gaustad             Lauri Korpikoski         Patrik Berglund          18     1   2  2  

5 vs 5 Defense 
   Defense                  Defense                                           Time % Phy DF OF 
 1 Erik Karlsson            Kevin Klein                                       33     1   2  2  
 2 Alexei Emelin            Olli Maatta                                       30     1   2  2  
 3 Rob Scuderi              Dalton Prout                                      24     1   2  2  
 4 Erik Karlsson            Dalton Prout                                      13     1   2  2  

PowerPlay Forward 
   Center                   Left Wing                Right Wing               Time % Phy DF OF 
 1 David Krejci             Jamie Benn               Brandon Pirri            57     1   2  2  
 2 Joe Pavelski             Carl Hagelin             Marian Hossa             43     1   2  2  

PowerPlay Defense
   Defense                  Defense                                           Time % Phy DF OF 
 1 Erik Karlsson            Dustin Brown                                      60     1   2  2  
 2 Erik Karlsson            Tyler Ennis                                       40     1   2  2  

Penalty Kill 4 Players Forward 
   Center                   Wing                     Time % Phy DF OF 
 1 Paul Gaustad             Lauri Korpikoski         60     1   2  2  
 2 Frans Nielsen            Carl Hagelin             40     1   2  2  

Penalty Kill 4 Players Defense
   Defense                  Defense                  Time % Phy DF OF 
 1 Kevin Klein              Dalton Prout             50     1   2  2  
 2 Olli Maatta              Alexei Emelin            50     1   2  2  

Penalty Kill - 3 Players Forward 
   Forward                                           Time % Phy DF OF 
 1 Paul Gaustad                                      60     1   2  2  
 2 Frans Nielsen                                     40     1   2  2  

Penalty Kill - 3 Players Defense
   Defense                  Defense                  Time % Phy DF OF 
 1 Dalton Prout             Kevin Klein              50     1   2  2  
 2 Olli Maatta              Alexei Emelin            50     1   2  2  

4 vs 4 Forward 
   Center                   Wing                     Time % Phy DF OF 
 1 David Krejci             Jamie Benn               60     1   2  2  
 2 Joe Pavelski             Marian Hossa             40     1   2  2  

4 vs 4 Defense
   Defense                  Defense                  Time % Phy DF OF 
 1 Erik Karlsson            Alexei Emelin            60     1   2  2  
 2 Olli Maatta              Kevin Klein              40     1   2  2  

Last Minutes Offensive
   Center                   Left Wing                Right Wing               Defense                  Defense                  
   Joe Pavelski             Jamie Benn               Dalton Prout             Erik Karlsson            Olli Maatta              

Last Minutes Defensive
   Center                   Left Wing                Right Wing               Defense                  Defense                  
   Paul Gaustad             Joe Pavelski             Lauri Korpikoski         Olli Maatta              Dalton Prout             

Goaltenders
Starting : Braden Holtby            
Backup : Andrew Hammond           

Extra Forwards
Normal : Jamie Benn, Joe Pavelski, Dustin Brown - PP : David Krejci, Jamie Benn - PK : Carl Hagelin
Extra Defensemen
Normal : Erik Karlsson, Olli Maatta, Alexei Emelin - PP : Erik Karlsson - PK : Alexei Emelin, Olli Maatta
Penalty Shots
Joe Pavelski, Frans Nielsen, Tyler Ennis, Jamie Benn, Dustin Brown

Jets

5 vs 5 Forward 
   Center                   Left Wing                Right Wing               Time % Phy DF OF 
 1 Ryan Getzlaf             Alex Ovechkin            Blake Wheeler            31     0   2  3  
 2 John Tavares             Max Pacioretty           Wayne Simmonds           28     0   2  3  
 3 Claude Giroux            Patrik Elias             Jussi Jokinen            24     1   2  2  
 4 Jarret Stoll             Brayden Schenn           Filip Forsberg           17     1   2  2  

5 vs 5 Defense 
   Defense                  Defense                                           Time % Phy DF OF 
 1 John Carlson             Erik Johnson                                      35     1   2  2  
 2 Oliver Ekman-Larsson     Brad Stuart                                       30     1   2  2  
 3 Jake Muzzin              Marc Staal                                        22     1   2  2  
 4 Jake Muzzin              Erik Johnson                                      13     1   2  2  

PowerPlay Forward 
   Center                   Left Wing                Right Wing               Time % Phy DF OF 
 1 John Tavares             Alex Ovechkin            Jussi Jokinen            60     1   2  2  
 2 Claude Giroux            Max Pacioretty           Wayne Simmonds           40     1   2  2  

PowerPlay Defense
   Defense                  Defense                                           Time % Phy DF OF 
 1 John Carlson             Erik Johnson                                      60     1   2  2  
 2 Oliver Ekman-Larsson     Jake Muzzin                                       40     1   2  2  

Penalty Kill 4 Players Forward 
   Center                   Wing                     Time % Phy DF OF 
 1 Ryan Getzlaf             Jussi Jokinen            60     1   2  2  
 2 Claude Giroux            Blake Wheeler            40     1   2  2  

Penalty Kill 4 Players Defense
   Defense                  Defense                  Time % Phy DF OF 
 1 John Carlson             Jake Muzzin              60     1   2  2  
 2 Marc Staal               Brad Stuart              40     1   2  2  

Penalty Kill - 3 Players Forward 
   Forward                                           Time % Phy DF OF 
 1 Claude Giroux                                     60     1   2  2  
 2 Ryan Getzlaf                                      40     1   2  2  

Penalty Kill - 3 Players Defense
   Defense                  Defense                  Time % Phy DF OF 
 1 John Carlson             Erik Johnson             60     1   2  2  
 2 Marc Staal               Brad Stuart              40     1   2  2  

4 vs 4 Forward 
   Center                   Wing                     Time % Phy DF OF 
 1 Ryan Getzlaf             Alex Ovechkin            60     1   2  2  
 2 Claude Giroux            Blake Wheeler            40     1   2  2  

4 vs 4 Defense
   Defense                  Defense                  Time % Phy DF OF 
 1 John Carlson             Erik Johnson             60     1   2  2  
 2 Oliver Ekman-Larsson     Jake Muzzin              40     1   2  2  

Last Minutes Offensive
   Center                   Left Wing                Right Wing               Defense                  Defense                  
   Ryan Getzlaf             Alex Ovechkin            Blake Wheeler            John Carlson             Erik Johnson             

Last Minutes Defensive
   Center                   Left Wing                Right Wing               Defense                  Defense                  
   Ryan Getzlaf             Alex Ovechkin            Blake Wheeler            John Carlson             Erik Johnson             

Goaltenders
Starting : Jonathan Quick           
Backup : Jake Allen               

Extra Forwards
Normal : John Tavares, Patrik Elias, Jussi Jokinen - PP : John Tavares, Patrik Elias - PK : Jussi Jokinen
Extra Defensemen
Normal : Jake Muzzin, Marc Staal, Oliver Ekman-Larsson - PP : Jake Muzzin - PK : Marc Staal, Oliver Ekman-Larsson
Penalty Shots
Alex Ovechkin, Ryan Getzlaf, Claude Giroux, Blake Wheeler, Max Pacioretty

% Time on Ice - Islanders

Lines # - Real PCT - Wanted PCT - Time Play
Normal Forward
1 - 31% - 32% - 13:54
2 - 25% - 27% - 11:00
3 - 23% - 23% - 10:02
4 - 21% - 18% - 9:13
Normal Defense
1 - 34% - 33% - 14:48
2 - 34% - 30% - 14:48
3 - 29% - 24% - 13:01
4 - 3% - 13% - 1:32
PP Forward
1 - 52% - 57% - 5:54
2 - 48% - 43% - 5:29
PP Defense
1 - 70% - 60% - 8:00
2 - 30% - 40% - 3:23
PK Forward
1 - 94% - 60% - 4:13
2 - 6% - 40% - 0:15
PK Defense
1 - 29% - 50% - 1:19
2 - 71% - 50% - 3:09
PK3 Forward
1 - 0% - 60%
2 - 0% - 40%
PK3 Defense
1 - 0% - 50%
2 - 0% - 50%
44 Forward
1 - 100% - 60% - 5:00
2 - 0% - 40% - 0:00
44 Defense
1 - 48% - 60% - 2:24
2 - 52% - 40% - 2:36
Last Minute Offensive  - 0:00
Last Minute Defensive  - 0:00
Total
Forward - 65:00
Defense - 65:00

% Time on Ice - Jets

Lines # - Real PCT - Wanted PCT - Time Play
Normal Forward
1 - 27% - 31% - 11:44
2 - 30% - 28% - 13:12
3 - 21% - 24% - 9:22
4 - 22% - 17% - 9:51
Normal Defense
1 - 34% - 35% - 14:53
2 - 34% - 30% - 15:02
3 - 25% - 22% - 10:51
4 - 8% - 13% - 3:23
PP Forward
1 - 60% - 60% - 2:40
2 - 40% - 40% - 1:48
PP Defense
1 - 69% - 60% - 3:04
2 - 31% - 40% - 1:24
PK Forward
1 - 75% - 60% - 8:34
2 - 25% - 40% - 2:49
PK Defense
1 - 73% - 60% - 8:17
2 - 27% - 40% - 3:06
PK3 Forward
1 - 0% - 60%
2 - 0% - 40%
PK3 Defense
1 - 0% - 60%
2 - 0% - 40%
44 Forward
1 - 89% - 60% - 4:26
2 - 11% - 40% - 0:34
44 Defense
1 - 56% - 60% - 2:49
2 - 44% - 40% - 2:11
Last Minute Offensive  - 0:00
Last Minute Defensive  - 0:00
Total
Forward - 65:00
Defense - 65:00

Play by Play

1st period


0:01 of 1st period - David Krejci wins face-off versus Ryan Getzlaf in neutral zone.
0:09 of 1st period - Slapshot by Erik Karlsson.
0:09 of 1st period - Stopped by Jonathan Quick without a rebound.
0:10 of 1st period - Ryan Getzlaf wins face-off versus David Krejci in Jets zone.
1:14 of 1st period - Wrist shot by John Tavares.
1:14 of 1st period - Stopped by Braden Holtby with a rebound.
1:30 of 1st period - Wrist shot by Wayne Simmonds.
1:30 of 1st period - Stopped by Braden Holtby without a rebound.
1:31 of 1st period - Claude Giroux wins face-off versus Frans Nielsen in Islanders zone.
1:40 of 1st period - Snap shot by Claude Giroux.
1:40 of 1st period - Shot Blocked by Dalton Prout.
1:44 of 1st period - Wrist shot by Jussi Jokinen.
1:44 of 1st period - Shot Misses the Net.
1:57 of 1st period - Slapshot by Claude Giroux.
1:57 of 1st period - Stopped by Braden Holtby with a rebound.
1:59 of 1st period - Slapshot by Marc Staal.
1:59 of 1st period - Stopped by Braden Holtby with a rebound.
2:30 of 1st period - Jarret Stoll is hit by Dalton Prout and loses puck.
3:01 of 1st period - Slapshot by Alex Ovechkin.
3:01 of 1st period - Stopped by Braden Holtby without a rebound.
3:02 of 1st period - Ryan Getzlaf wins face-off versus Joe Pavelski in Islanders zone.
3:31 of 1st period - Slapshot by Joe Pavelski.
3:31 of 1st period - Shot Misses the Net.
3:33 of 1st period - Wrist shot by Erik Karlsson.
3:33 of 1st period - Deflect By Joe Pavelski.
3:33 of 1st period - Stopped by Jonathan Quick with a rebound.
3:39 of 1st period - Slapshot by Joe Pavelski.
3:39 of 1st period - Shot Misses the Net.
3:58 of 1st period - Blake Wheeler is hit by Brandon Pirri.
4:10 of 1st period - Wrist shot by John Tavares.
4:10 of 1st period - Stopped by Braden Holtby without a rebound.
4:11 of 1st period - John Tavares wins face-off versus Frans Nielsen in Islanders zone.
4:40 of 1st period - Backhand shot by John Tavares.
4:40 of 1st period - Shot Misses the Net.
4:58 of 1st period - Jussi Jokinen is hit by Lauri Korpikoski and loses puck.
5:19 of 1st period - Snap shot by Patrik Berglund.
5:19 of 1st period - Shot Blocked by Brad Stuart.
5:21 of 1st period - Snap shot by Dalton Prout.
5:21 of 1st period - Shot Blocked by Oliver Ekman-Larsson.
5:23 of 1st period - Slapshot by Dalton Prout.
5:23 of 1st period - Shot Misses the Net.
5:25 of 1st period - Slapshot by Dalton Prout.
5:25 of 1st period - Stopped by Jonathan Quick with a rebound.
5:30 of 1st period - Minor Penalty to Jussi Jokinen for Tripping.
5:31 of 1st period - Brandon Pirri wins face-off versus Ryan Getzlaf in Jets zone.
5:33 of 1st period - Wrist shot by Erik Karlsson.
5:33 of 1st period - Shot Misses the Net.
5:35 of 1st period - Slapshot by Erik Karlsson.
5:35 of 1st period - Stopped by Jonathan Quick with a rebound.
5:37 of 1st period - Wrist shot by Jamie Benn.
5:37 of 1st period - Shot Misses the Net.
5:39 of 1st period - Slapshot by Dustin Brown.
5:39 of 1st period - Deflect By Jamie Benn.
5:39 of 1st period - Shot Blocked by John Carlson.
5:39 of 1st period - Puck is out of play.
5:40 of 1st period - Ryan Getzlaf wins face-off versus David Krejci in Jets zone.
6:05 of 1st period - Slapshot by Erik Karlsson.
6:05 of 1st period - Goal by Erik Karlsson - Islanders : 1 - Jets : 0.
6:06 of 1st period - Joe Pavelski wins face-off versus Jarret Stoll in neutral zone.
6:18 of 1st period - Off-side.
6:19 of 1st period - Joe Pavelski wins face-off versus Brayden Schenn in neutral zone.
6:36 of 1st period - Wrist shot by Marian Hossa.
6:36 of 1st period - Deflect By Joe Pavelski.
6:36 of 1st period - Shot Misses the Net.
6:36 of 1st period - Puck is out of play.
6:37 of 1st period - David Krejci wins face-off versus John Tavares in Jets zone.
6:55 of 1st period - Snap shot by Max Pacioretty.
6:55 of 1st period - Shot Misses the Net.
7:01 of 1st period - Snap shot by Max Pacioretty.
7:01 of 1st period - Shot Misses the Net.
7:03 of 1st period - Snap shot by Marc Staal.
7:03 of 1st period - Shot Misses the Net.
7:05 of 1st period - Slapshot by Marc Staal.
7:05 of 1st period - Stopped by Braden Holtby with a rebound.
7:07 of 1st period - Slapshot by Marc Staal.
7:07 of 1st period - Shot Blocked by Olli Maatta.
8:26 of 1st period - Erik Karlsson is hit by Erik Johnson and loses puck.
9:04 of 1st period - Snap shot by Marian Hossa.
9:04 of 1st period - Stopped by Jonathan Quick with a rebound.
9:06 of 1st period - Slapshot by Kevin Klein.
9:06 of 1st period - Deflect By Filip Forsberg.
9:06 of 1st period - Stopped by Jonathan Quick with a rebound.
9:08 of 1st period - Snap shot by Carl Hagelin.
9:08 of 1st period - Stopped by Jonathan Quick without a rebound.
9:09 of 1st period - Patrik Berglund wins face-off versus John Tavares in Jets zone.
9:14 of 1st period - Wrist shot by Patrik Berglund.
9:14 of 1st period - Stopped by Jonathan Quick with a rebound.
9:48 of 1st period - Minor Penalty to Wayne Simmonds for Roughing.
9:49 of 1st period - Ryan Getzlaf wins face-off versus Carl Hagelin in Jets zone.
10:10 of 1st period - Slapshot by Erik Karlsson.
10:10 of 1st period - Shot Misses the Net.
10:12 of 1st period - Slapshot by Erik Karlsson.
10:12 of 1st period - Goal by Erik Karlsson - Islanders : 2 - Jets : 0.
10:13 of 1st period - Ryan Getzlaf wins face-off versus David Krejci in neutral zone.
10:30 of 1st period - Wrist shot by Alex Ovechkin.
10:30 of 1st period - Deflect By Blake Wheeler.
10:30 of 1st period - Stopped by Braden Holtby without a rebound.
10:31 of 1st period - David Krejci wins face-off versus Blake Wheeler in Islanders zone.
11:13 of 1st period - Snap shot by Patrik Elias.
11:13 of 1st period - Shot Misses the Net.
11:17 of 1st period - Snap shot by Patrik Elias.
11:17 of 1st period - Stopped by Braden Holtby with a rebound.
11:25 of 1st period - Brad Stuart is hit by Carl Hagelin.
11:53 of 1st period - Wrist shot by Tyler Ennis.
11:53 of 1st period - Stopped by Jonathan Quick without a rebound.
11:54 of 1st period - John Tavares wins face-off versus Frans Nielsen in Jets zone.
11:54 of 1st period - John Tavares is hit by Erik Karlsson.
12:00 of 1st period - Slapshot by Wayne Simmonds.
12:00 of 1st period - Shot Misses the Net.
12:16 of 1st period - Wrist shot by John Tavares.
12:16 of 1st period - Stopped by Braden Holtby without a rebound.
12:17 of 1st period - Paul Gaustad wins face-off versus Jarret Stoll in Islanders zone.
13:11 of 1st period - Slapshot by Oliver Ekman-Larsson.
13:11 of 1st period - Goal by Oliver Ekman-Larsson - Islanders : 2 - Jets : 1.
13:12 of 1st period - David Krejci wins face-off versus Claude Giroux in neutral zone.
13:31 of 1st period - Oliver Ekman-Larsson is hit by Kevin Klein and loses puck.
14:09 of 1st period - Snap shot by Wayne Simmonds.
14:09 of 1st period - Stopped by Braden Holtby with a rebound.
14:13 of 1st period - Slapshot by John Tavares.
14:13 of 1st period - Shot Blocked by Marian Hossa.
14:15 of 1st period - Slapshot by Erik Johnson.
14:15 of 1st period - Shot Blocked by Erik Karlsson.
14:17 of 1st period - Slapshot by Max Pacioretty.
14:17 of 1st period - Jets goal is going for a video replay.
14:17 of 1st period - The goal is refused. The puck has entered the net after making contact with an attacking player’s stick that is above the height of the crossbar..
14:18 of 1st period - Frans Nielsen wins face-off versus Ryan Getzlaf in Islanders zone.
14:23 of 1st period - Snap shot by Blake Wheeler.
14:23 of 1st period - Shot Blocked by Dalton Prout.
14:25 of 1st period - Slapshot by Alex Ovechkin.
14:25 of 1st period - Shot Misses the Net.
15:05 of 1st period - Carl Hagelin is hit by Alex Ovechkin and loses puck.
15:36 of 1st period - Slapshot by Max Pacioretty.
15:36 of 1st period - Goal by Max Pacioretty - Islanders : 2 - Jets : 2.
15:37 of 1st period - Jarret Stoll wins face-off versus David Krejci in neutral zone.
15:41 of 1st period - Minor Penalty to Kevin Klein for Tripping.
15:42 of 1st period - John Tavares wins face-off versus Paul Gaustad in Islanders zone.
16:11 of 1st period - Wrist shot by Erik Johnson.
16:11 of 1st period - Goal by Erik Johnson - Islanders : 2 - Jets : 3.
16:12 of 1st period - Jarret Stoll wins face-off versus Brandon Pirri in neutral zone.
16:15 of 1st period - Wrist shot by Erik Karlsson.
16:15 of 1st period - Shot Misses the Net.
16:22 of 1st period - Minor Penalty to Filip Forsberg for Hooking.
16:23 of 1st period - Ryan Getzlaf wins face-off versus David Krejci in Jets zone.
17:18 of 1st period - Dustin Brown is hit by Jussi Jokinen.
17:45 of 1st period - John Carlson is hit by Joe Pavelski and loses puck.
18:00 of 1st period - Wrist shot by Joe Pavelski.
18:00 of 1st period - Stopped by Jonathan Quick with a rebound.
18:14 of 1st period - Claude Giroux is hit by Joe Pavelski and loses puck.
18:22 of 1st period - Penalty to Filip Forsberg is over, Filip Forsberg is back on ice.
18:47 of 1st period - Wrist shot by Patrik Berglund.
18:47 of 1st period - Stopped by Jonathan Quick without a rebound.
18:48 of 1st period - John Tavares wins face-off versus Patrik Berglund in Jets zone.
18:50 of 1st period - Icing by Wayne Simmonds.
18:51 of 1st period - John Tavares wins face-off versus Lauri Korpikoski in Jets zone.
18:58 of 1st period - Snap shot by Max Pacioretty.
18:58 of 1st period - Shot Blocked by Patrik Berglund.
19:04 of 1st period - John Tavares is hit by Paul Gaustad and loses puck.
19:13 of 1st period - Snap shot by Lauri Korpikoski.
19:13 of 1st period - Stopped by Jonathan Quick without a rebound.
19:14 of 1st period - Brayden Schenn wins face-off versus David Krejci in Jets zone.
19:16 of 1st period - Minor Penalty to Oliver Ekman-Larsson for Kneeing.
19:17 of 1st period - David Krejci wins face-off versus Ryan Getzlaf in Jets zone.
19:50 of 1st period - Snap shot by Erik Karlsson.
19:50 of 1st period - Shot Misses the Net.
Goals for this period are 2 for Islanders vs 3 for Jets.
Shots for this period are 14 for Islanders vs 15 for Jets.

2nd period


0:01 of 2nd period - Ryan Getzlaf wins face-off versus David Krejci in neutral zone.
0:54 of 2nd period - Blake Wheeler is hit by Marian Hossa and loses puck.
1:16 of 2nd period - Penalty to Oliver Ekman-Larsson is over, Oliver Ekman-Larsson is back on ice.
1:16 of 2nd period - Brad Stuart is hit by Joe Pavelski and loses puck.
1:47 of 2nd period - Brad Stuart is hit by Lauri Korpikoski and loses puck.
2:43 of 2nd period - Max Pacioretty is hit by Dustin Brown and loses puck.
3:32 of 2nd period - Off-side.
3:33 of 2nd period - Ryan Getzlaf wins face-off versus Patrik Berglund in neutral zone.
3:49 of 2nd period - Minor Penalty to Blake Wheeler for Kneeing.
3:50 of 2nd period - David Krejci wins face-off versus Ryan Getzlaf in Jets zone.
3:57 of 2nd period - Wrist shot by David Krejci.
3:57 of 2nd period - Shot Misses the Net.
3:59 of 2nd period - Slapshot by Dustin Brown.
3:59 of 2nd period - Shot Misses the Net.
4:01 of 2nd period - Snap shot by Dustin Brown.
4:01 of 2nd period - Shot Misses the Net.
4:03 of 2nd period - Slapshot by Dustin Brown.
4:03 of 2nd period - Stopped by Jonathan Quick with a rebound.
4:05 of 2nd period - Wrist shot by David Krejci.
4:05 of 2nd period - Shot Misses the Net.
4:07 of 2nd period - Wrist shot by Jamie Benn.
4:07 of 2nd period - Shot Misses the Net.
4:09 of 2nd period - Snap shot by Brandon Pirri.
4:09 of 2nd period - Stopped by Jonathan Quick without a rebound.
4:10 of 2nd period - David Krejci wins face-off versus Ryan Getzlaf in Jets zone.
4:25 of 2nd period - Slapshot by Erik Karlsson.
4:25 of 2nd period - Stopped by Jonathan Quick without a rebound.
4:26 of 2nd period - Joe Pavelski wins face-off versus Ryan Getzlaf in Jets zone.
4:27 of 2nd period - Backhand shot by Erik Karlsson.
4:27 of 2nd period - Shot Misses the Net.
4:29 of 2nd period - Slapshot by Carl Hagelin.
4:29 of 2nd period - Shot Misses the Net.
4:31 of 2nd period - Slapshot by Erik Karlsson.
4:31 of 2nd period - Deflect By Joe Pavelski.
4:31 of 2nd period - Shot Misses the Net.
4:31 of 2nd period - Puck is out of play.
4:32 of 2nd period - Jussi Jokinen wins face-off versus Joe Pavelski in Jets zone.
4:44 of 2nd period - Slapshot by Tyler Ennis.
4:44 of 2nd period - Shot Blocked by Marc Staal.
4:46 of 2nd period - Wrist shot by Joe Pavelski.
4:46 of 2nd period - Shot Blocked by Brad Stuart.
4:48 of 2nd period - Slapshot by Erik Karlsson.
4:48 of 2nd period - Stopped by Jonathan Quick without a rebound.
4:49 of 2nd period - Ryan Getzlaf wins face-off versus Brandon Pirri in Jets zone.
5:10 of 2nd period - Slapshot by Ryan Getzlaf.
5:10 of 2nd period - Stopped by Braden Holtby without a rebound.
5:11 of 2nd period - Ryan Getzlaf wins face-off versus Marian Hossa in Islanders zone.
5:29 of 2nd period - Wrist shot by Marian Hossa.
5:29 of 2nd period - Goal by Marian Hossa - Islanders : 3 - Jets : 3.
5:30 of 2nd period - John Tavares wins face-off versus David Krejci in neutral zone.
6:02 of 2nd period - Minor Penalty to John Tavares for Hooking.
6:03 of 2nd period - Ryan Getzlaf wins face-off versus Joe Pavelski in Jets zone.
6:11 of 2nd period - Snap shot by Erik Karlsson.
6:11 of 2nd period - Deflect By Joe Pavelski.
6:11 of 2nd period - Shot Misses the Net.
6:11 of 2nd period - Puck is out of play.
6:12 of 2nd period - Ryan Getzlaf wins face-off versus Joe Pavelski in Jets zone.
6:21 of 2nd period - John Carlson is hit by Dustin Brown and loses puck.
6:48 of 2nd period - Slapshot by Joe Pavelski.
6:48 of 2nd period - Shot Misses the Net.
6:50 of 2nd period - Snap shot by Marian Hossa.
6:50 of 2nd period - Goal by Marian Hossa - Islanders : 4 - Jets : 3.
6:51 of 2nd period - Ryan Getzlaf wins face-off versus David Krejci in neutral zone.
6:55 of 2nd period - Off-side.
6:56 of 2nd period - David Krejci wins face-off versus Ryan Getzlaf in neutral zone.
7:01 of 2nd period - Slapshot by Erik Karlsson.
7:01 of 2nd period - Shot Blocked by Brad Stuart.
7:17 of 2nd period - Ryan Getzlaf is hit by Kevin Klein and loses puck.
7:23 of 2nd period - Icing by Brad Stuart.
7:24 of 2nd period - Joe Pavelski wins face-off versus Ryan Getzlaf in Jets zone.
7:58 of 2nd period - Slapshot by Joe Pavelski.
7:58 of 2nd period - Deflect By Marian Hossa.
7:58 of 2nd period - Deflect By Oliver Ekman-Larsson.
7:58 of 2nd period - Shot Misses the Net.
7:58 of 2nd period - Puck is out of play.
7:59 of 2nd period - David Krejci wins face-off versus Claude Giroux in Jets zone.
8:08 of 2nd period - Wrist shot by David Krejci.
8:08 of 2nd period - Stopped by Jonathan Quick with a rebound.
8:10 of 2nd period - Slapshot by Kevin Klein.
8:10 of 2nd period - Stopped by Jonathan Quick without a rebound.
8:11 of 2nd period - Jarret Stoll wins face-off versus David Krejci in Jets zone.
9:12 of 2nd period - Icing by John Carlson.
9:13 of 2nd period - Claude Giroux wins face-off versus Joe Pavelski in Jets zone.
9:18 of 2nd period - Rob Scuderi is hit by John Carlson and loses puck.
10:04 of 2nd period - Off-side.
10:05 of 2nd period - Ryan Getzlaf wins face-off versus Paul Gaustad in neutral zone.
10:14 of 2nd period - Slapshot by Erik Karlsson.
10:14 of 2nd period - Stopped by Jonathan Quick without a rebound.
10:15 of 2nd period - Paul Gaustad wins face-off versus Ryan Getzlaf in Jets zone.
10:36 of 2nd period - Slapshot by Erik Karlsson.
10:36 of 2nd period - Stopped by Jonathan Quick without a rebound.
10:37 of 2nd period - David Krejci wins face-off versus John Tavares in Jets zone.
11:04 of 2nd period - Wrist shot by Brandon Pirri.
11:04 of 2nd period - Shot Misses the Net.
11:14 of 2nd period - Wrist shot by Jamie Benn.
11:14 of 2nd period - Stopped by Jonathan Quick without a rebound.
11:15 of 2nd period - Ryan Getzlaf wins face-off versus Frans Nielsen in Jets zone.
11:22 of 2nd period - Snap shot by Blake Wheeler.
11:22 of 2nd period - Stopped by Braden Holtby without a rebound.
11:23 of 2nd period - Ryan Getzlaf wins face-off versus Marian Hossa in Islanders zone.
11:27 of 2nd period - Minor Penalty to Erik Karlsson for High sticking.
11:28 of 2nd period - John Tavares wins face-off versus Paul Gaustad in Islanders zone.
11:42 of 2nd period - Wrist shot by Alex Ovechkin.
11:42 of 2nd period - Shot Misses the Net.
12:29 of 2nd period - Olli Maatta is hit by Claude Giroux and loses puck.
12:48 of 2nd period - Olli Maatta is hit by Wayne Simmonds and loses puck.
12:59 of 2nd period - Carl Hagelin is hit by Alex Ovechkin and loses puck.
13:27 of 2nd period - Penalty to Erik Karlsson is over, Erik Karlsson is back on ice.
13:44 of 2nd period - Jarret Stoll is hit by Olli Maatta and loses puck.
15:26 of 2nd period - Kevin Klein is hit by Marc Staal and loses puck.
15:48 of 2nd period - Wrist shot by Tyler Ennis.
15:48 of 2nd period - Stopped by Jonathan Quick with a rebound.
16:12 of 2nd period - Wrist shot by Filip Forsberg.
16:12 of 2nd period - Stopped by Braden Holtby without a rebound.
16:13 of 2nd period - Paul Gaustad wins face-off versus Jarret Stoll in Islanders zone.
16:42 of 2nd period - Slapshot by Alex Ovechkin.
16:42 of 2nd period - Stopped by Braden Holtby with a rebound.
16:44 of 2nd period - Slapshot by Brad Stuart.
16:44 of 2nd period - Shot Blocked by Rob Scuderi.
16:46 of 2nd period - Slapshot by Brad Stuart.
16:46 of 2nd period - Shot Blocked by Dalton Prout.
16:48 of 2nd period - Wrist shot by Ryan Getzlaf.
16:48 of 2nd period - Shot Blocked by Rob Scuderi.
16:50 of 2nd period - Snap shot by Brad Stuart.
16:50 of 2nd period - Shot Misses the Net.
16:52 of 2nd period - Snap shot by Blake Wheeler.
16:52 of 2nd period - Goal by Blake Wheeler - Islanders : 4 - Jets : 4.
16:53 of 2nd period - Joe Pavelski wins face-off versus Claude Giroux in neutral zone.
17:14 of 2nd period - Snap shot by Joe Pavelski.
17:14 of 2nd period - Shot Misses the Net.
17:16 of 2nd period - Wrist shot by Carl Hagelin.
17:16 of 2nd period - Shot Misses the Net.
17:18 of 2nd period - Slapshot by Alexei Emelin.
17:18 of 2nd period - Stopped by Jonathan Quick without a rebound.
17:19 of 2nd period - Ryan Getzlaf wins face-off versus Dustin Brown in Jets zone.
17:24 of 2nd period - Snap shot by Blake Wheeler.
17:24 of 2nd period - Stopped by Braden Holtby with a rebound.
17:26 of 2nd period - Slapshot by John Carlson.
17:26 of 2nd period - Shot Blocked by Rob Scuderi.
17:28 of 2nd period - Wrist shot by Blake Wheeler.
17:28 of 2nd period - Shot Blocked by Dalton Prout.
17:30 of 2nd period - Slapshot by Erik Johnson.
17:30 of 2nd period - Shot Misses the Net.
17:32 of 2nd period - Slapshot by Erik Johnson.
17:32 of 2nd period - Deflect By Dalton Prout.
17:32 of 2nd period - Stopped by Braden Holtby with a rebound.
17:34 of 2nd period - Slapshot by John Carlson.
17:34 of 2nd period - Shot Blocked by Dalton Prout.
17:36 of 2nd period - Slapshot by Alex Ovechkin.
17:36 of 2nd period - Stopped by Braden Holtby with a rebound.
18:30 of 2nd period - Off-side.
18:31 of 2nd period - Joe Pavelski wins face-off versus Claude Giroux in neutral zone.
18:50 of 2nd period - Wrist shot by Jussi Jokinen.
18:50 of 2nd period - Stopped by Braden Holtby without a rebound.
18:51 of 2nd period - Claude Giroux wins face-off versus Joe Pavelski in Islanders zone.
19:14 of 2nd period - Wrist shot by Claude Giroux.
19:14 of 2nd period - Shot Blocked by Olli Maatta.
Goals for this period are 2 for Islanders vs 1 for Jets.
Shots for this period are 13 for Islanders vs 9 for Jets.

3rd period


0:01 of 3rd period - Joe Pavelski wins face-off versus Ryan Getzlaf in neutral zone.
0:03 of 3rd period - Off-side.
0:04 of 3rd period - Ryan Getzlaf wins face-off versus Joe Pavelski in neutral zone.
0:23 of 3rd period - Wrist shot by Blake Wheeler.
0:23 of 3rd period - Shot Misses the Net.
1:01 of 3rd period - Jamie Benn is hit by Erik Johnson and loses puck.
2:08 of 3rd period - Snap shot by Wayne Simmonds.
2:08 of 3rd period - Deflect By John Tavares.
2:08 of 3rd period - Stopped by Braden Holtby with a rebound.
2:14 of 3rd period - Slapshot by Wayne Simmonds.
2:14 of 3rd period - Shot Blocked by Dustin Brown.
3:08 of 3rd period - Jarret Stoll is hit by Paul Gaustad and loses puck.
3:13 of 3rd period - Snap shot by Lauri Korpikoski.
3:13 of 3rd period - Deflect By Patrik Berglund.
3:13 of 3rd period - Stopped by Jonathan Quick with a rebound.
3:15 of 3rd period - Slapshot by Dalton Prout.
3:15 of 3rd period - Shot Blocked by Marc Staal.
3:17 of 3rd period - Slapshot by Paul Gaustad.
3:17 of 3rd period - Shot Misses the Net.
3:59 of 3rd period - Snap shot by Ryan Getzlaf.
3:59 of 3rd period - Shot Misses the Net.
4:01 of 3rd period - Slapshot by John Carlson.
4:01 of 3rd period - Stopped by Braden Holtby without a rebound.
4:02 of 3rd period - Claude Giroux wins face-off versus David Krejci in Islanders zone.
4:12 of 3rd period - Minor Penalty to Brandon Pirri for High sticking.
4:13 of 3rd period - Paul Gaustad wins face-off versus John Tavares in Islanders zone.
4:33 of 3rd period - Paul Gaustad is hit by Alex Ovechkin.
5:51 of 3rd period - Carl Hagelin is hit by Alex Ovechkin and loses puck.
6:12 of 3rd period - Penalty to Brandon Pirri is over, Brandon Pirri is back on ice.
6:27 of 3rd period - Snap shot by Carl Hagelin.
6:27 of 3rd period - Stopped by Jonathan Quick without a rebound.
6:28 of 3rd period - David Krejci wins face-off versus Jarret Stoll in Jets zone.
6:33 of 3rd period - Slapshot by Jamie Benn.
6:33 of 3rd period - Shot Misses the Net.
6:35 of 3rd period - Snap shot by Kevin Klein.
6:35 of 3rd period - Shot Misses the Net.
6:41 of 3rd period - Wrist shot by Brandon Pirri.
6:41 of 3rd period - Stopped by Jonathan Quick without a rebound.
6:42 of 3rd period - Jarret Stoll wins face-off versus David Krejci in Jets zone.
6:44 of 3rd period - Minor Penalty to Filip Forsberg for Goalie Interference.
6:45 of 3rd period - David Krejci wins face-off versus Ryan Getzlaf in Jets zone.
6:49 of 3rd period - Wrist shot by Jamie Benn.
6:49 of 3rd period - Shot Blocked by Jussi Jokinen.
6:59 of 3rd period - Wrist shot by Brandon Pirri.
6:59 of 3rd period - Shot Misses the Net.
7:05 of 3rd period - Slapshot by Erik Karlsson.
7:05 of 3rd period - Shot Blocked by Jussi Jokinen.
7:09 of 3rd period - Slapshot by Jamie Benn.
7:09 of 3rd period - Stopped by Jonathan Quick with a rebound.
7:11 of 3rd period - Backhand shot by Dustin Brown.
7:11 of 3rd period - Shot Blocked by John Carlson.
7:13 of 3rd period - Slapshot by Erik Karlsson.
7:13 of 3rd period - Shot Misses the Net.
7:15 of 3rd period - Snap shot by David Krejci.
7:15 of 3rd period - Shot Misses the Net.
7:17 of 3rd period - Slapshot by Erik Karlsson.
7:17 of 3rd period - Stopped by Jonathan Quick without a rebound.
7:18 of 3rd period - Ryan Getzlaf wins face-off versus Joe Pavelski in Jets zone.
8:44 of 3rd period - Penalty to Filip Forsberg is over, Filip Forsberg is back on ice.
9:14 of 3rd period - Wrist shot by John Tavares.
9:14 of 3rd period - Shot Misses the Net.
10:46 of 3rd period - Backhand shot by John Tavares.
10:46 of 3rd period - Stopped by Braden Holtby with a rebound.
10:48 of 3rd period - Slapshot by Marc Staal.
10:48 of 3rd period - Deflect By Wayne Simmonds.
10:48 of 3rd period - Stopped by Braden Holtby without a rebound.
10:49 of 3rd period - John Tavares wins face-off versus Joe Pavelski in Islanders zone.
11:22 of 3rd period - Wrist shot by Jamie Benn.
11:22 of 3rd period - Stopped by Jonathan Quick without a rebound.
11:23 of 3rd period - David Krejci wins face-off versus Claude Giroux in Jets zone.
11:46 of 3rd period - Snap shot by Brandon Pirri.
11:46 of 3rd period - Shot Misses the Net.
11:48 of 3rd period - Slapshot by Rob Scuderi.
11:48 of 3rd period - Shot Misses the Net.
11:54 of 3rd period - Minor Penalty to Jarret Stoll for Holding.
11:55 of 3rd period - David Krejci wins face-off versus Ryan Getzlaf in Jets zone.
12:02 of 3rd period - Wrist shot by Jamie Benn.
12:02 of 3rd period - Stopped by Jonathan Quick without a rebound.
12:03 of 3rd period - David Krejci wins face-off versus Ryan Getzlaf in Jets zone.
12:38 of 3rd period - Wrist shot by Erik Karlsson.
12:38 of 3rd period - Shot Blocked by Jake Muzzin.
12:40 of 3rd period - Slapshot by Erik Karlsson.
12:40 of 3rd period - Deflect By Claude Giroux.
12:40 of 3rd period - Stopped by Jonathan Quick with a rebound.
12:52 of 3rd period - Backhand shot by Marian Hossa.
12:52 of 3rd period - Shot Misses the Net.
12:54 of 3rd period - Snap shot by Carl Hagelin.
12:54 of 3rd period - Shot Misses the Net.
12:56 of 3rd period - Snap shot by Carl Hagelin.
12:56 of 3rd period - Shot Misses the Net.
13:19 of 3rd period - John Carlson is hit by Brandon Pirri and loses puck.
13:54 of 3rd period - Penalty to Jarret Stoll is over, Jarret Stoll is back on ice.
13:57 of 3rd period - Marc Staal is hit by Dustin Brown.
14:07 of 3rd period - Wrist shot by John Tavares.
14:07 of 3rd period - Shot Blocked by Dustin Brown.
14:19 of 3rd period - Marc Staal is hit by Lauri Korpikoski.
14:31 of 3rd period - Wrist shot by John Tavares.
14:31 of 3rd period - Stopped by Braden Holtby with a rebound.
14:44 of 3rd period - Icing by Brad Stuart.
14:45 of 3rd period - Jarret Stoll wins face-off versus Frans Nielsen in Jets zone.
14:52 of 3rd period - Snap shot by Oliver Ekman-Larsson.
14:52 of 3rd period - Stopped by Braden Holtby without a rebound.
14:53 of 3rd period - Frans Nielsen wins face-off versus Jarret Stoll in Islanders zone.
14:53 of 3rd period - Frans Nielsen is hit by Brayden Schenn.
14:58 of 3rd period - Off-side.
14:59 of 3rd period - Frans Nielsen wins face-off versus Jarret Stoll in neutral zone.
15:47 of 3rd period - Icing by Dalton Prout.
15:48 of 3rd period - John Tavares wins face-off versus Jamie Benn in Islanders zone.
15:55 of 3rd period - Slapshot by Wayne Simmonds.
15:55 of 3rd period - Shot Misses the Net.
16:03 of 3rd period - Snap shot by John Tavares.
16:03 of 3rd period - Stopped by Braden Holtby with a rebound.
16:45 of 3rd period - Snap shot by Marian Hossa.
16:45 of 3rd period - Stopped by Jonathan Quick without a rebound.
16:46 of 3rd period - Paul Gaustad wins face-off versus Alex Ovechkin in Jets zone.
17:37 of 3rd period - Wrist shot by Jamie Benn.
17:37 of 3rd period - Stopped by Jonathan Quick without a rebound.
17:38 of 3rd period - David Krejci wins face-off versus Claude Giroux in Jets zone.
17:39 of 3rd period - Snap shot by Jamie Benn.
17:39 of 3rd period - Stopped by Jonathan Quick with a rebound.
18:00 of 3rd period - Icing by Kevin Klein.
18:01 of 3rd period - Jarret Stoll wins face-off versus David Krejci in Islanders zone.
18:52 of 3rd period - Slapshot by Patrik Elias.
18:52 of 3rd period - Shot Misses the Net.
19:08 of 3rd period - Marc Staal is hit by Marian Hossa and loses puck.
19:19 of 3rd period - Olli Maatta is hit by Patrik Elias and loses puck.
19:50 of 3rd period - Snap shot by Frans Nielsen.
19:50 of 3rd period - Shot Blocked by Marc Staal.
19:52 of 3rd period - Slapshot by Alexei Emelin.
19:52 of 3rd period - Shot Blocked by Blake Wheeler.
19:54 of 3rd period - Slapshot by Alexei Emelin.
19:54 of 3rd period - Stopped by Jonathan Quick with a rebound.
19:56 of 3rd period - Snap shot by Dustin Brown.
19:56 of 3rd period - Shot Misses the Net.
19:58 of 3rd period - Snap shot by Frans Nielsen.
19:58 of 3rd period - Stopped by Jonathan Quick without a rebound.
19:59 of 3rd period - Paul Gaustad wins face-off versus John Tavares in Jets zone.
Goals for this period are 0 for Islanders vs 0 for Jets.
Shots for this period are 13 for Islanders vs 7 for Jets.

Overtime #1


0:01 of 1st overtime period - Ryan Getzlaf wins face-off versus Jamie Benn in neutral zone.
1:05 of 1st overtime period - Oliver Ekman-Larsson is hit by Alexei Emelin.
1:27 of 1st overtime period - Snap shot by David Krejci.
1:27 of 1st overtime period - Stopped by Jonathan Quick without a rebound.
1:28 of 1st overtime period - David Krejci wins face-off versus John Tavares in Jets zone.
1:51 of 1st overtime period - Snap shot by Patrik Elias.
1:51 of 1st overtime period - Shot Misses the Net.
2:24 of 1st overtime period - Ryan Getzlaf is hit by David Krejci and loses puck.
2:47 of 1st overtime period - Slapshot by Erik Karlsson.
2:47 of 1st overtime period - Shot Blocked by Alex Ovechkin.
2:49 of 1st overtime period - Slapshot by Erik Karlsson.
2:49 of 1st overtime period - Stopped by Jonathan Quick without a rebound.
2:50 of 1st overtime period - Joe Pavelski wins face-off versus John Tavares in Jets zone.
4:09 of 1st overtime period - Kevin Klein is hit by Ryan Getzlaf and loses puck.
4:37 of 1st overtime period - Olli Maatta is hit by Claude Giroux and loses puck.
4:57 of 1st overtime period - Snap shot by Blake Wheeler.
4:57 of 1st overtime period - Shot Misses the Net.
Goals for this period are 0 for Islanders vs 0 for Jets.
Shots for this period are 2 for Islanders vs 0 for Jets.

ShootOut


5:00 of 1st overtime period - Penalty Shot by Joe Pavelski for Islanders.
5:00 of 1st overtime period - Deke by Joe Pavelski.
5:00 of 1st overtime period - Stopped by Jonathan Quick.
5:00 of 1st overtime period - Penalty Shot by Alex Ovechkin for Jets.
5:00 of 1st overtime period - Wrist shot by Alex Ovechkin.
5:00 of 1st overtime period - Stopped by Braden Holtby.
5:00 of 1st overtime period - Penalty Shot by Frans Nielsen for Islanders.
5:00 of 1st overtime period - Snap shot by Frans Nielsen.
5:00 of 1st overtime period - Stopped by Jonathan Quick.
5:00 of 1st overtime period - Penalty Shot by Ryan Getzlaf for Jets.
5:00 of 1st overtime period - Snap shot by Ryan Getzlaf.
5:00 of 1st overtime period - Stopped by Braden Holtby.
5:00 of 1st overtime period - Penalty Shot by Tyler Ennis for Islanders.
5:00 of 1st overtime period - Deke by Tyler Ennis.
5:00 of 1st overtime period - Stopped by Jonathan Quick.
5:00 of 1st overtime period - Penalty Shot by Claude Giroux for Jets.
5:00 of 1st overtime period - Deke by Claude Giroux.
5:00 of 1st overtime period - Goal by Claude Giroux.